[Event "Early-Titled-Tuesday-Blitz-August-29-2023"]
[Site "Chess.com"]
[Date "2023.08.29"]
[Round "1"]
[White "joppie2"]
[Black "NovozhilovSemen"]
[Result "1-0"]
[WhiteElo "2943"]
[BlackElo "2497"]
[TimeControl "180+1"]
[EndTime "8:06:18 PDT"]
[Termination "joppie2 won by checkmate"]

1. c4 c5 2. Nf3 Nc6 3. Nc3 d6 4. d4 cxd4 5. Nxd4 Nf6 6. g3 Bd7 7. Bg2 Nxd4 8. Qxd4 Bc6 9. e4 e6 10. O-O Be7 11. b3 O-O 12. Bb2 Qd7 13. Rad1 Rfd8 14. h3 Ne8 15. Qe3 Nc7 16. Rd2 b5 17. c5 d5 18. exd5 exd5 19. Rfd1 Qe6 20. Qf4 Rac8 21.
b4 Bf6 22. Ne2 Bxb2 23. Rxb2 Qg6 24. Nd4 Ne6 25. Qg4 Qxg4 26. hxg4 Nxd4 27. Rxd4 Rc7 28. Rbd2 Rcd7 29. g5 a5 30. bxa5 Kf8 31. f4 Ke7 32.
Re2+ Kf8 33. Re3 Ra7 34. Ra3 Ke7 35. Kf2 f5 36. Ke3 g6 37. Rd2 Ke6 38. Kd4 Rda8 39. Re2+ Kd7 40. Rae3 Rxa5 41. Re7+ Kd8 42. Rxh7 Ra4+ 43.
Ke5 Rxa2 44. Rxa2 Rxa2 45. Kd6 Rxg2 46. Kxc6 d4 47. Kd6 Kc8 48. c6 Kb8 49. Rh8+ Ka7 50.
c7 Rc2 51. c8=Q Rxc8 52. Rxc8 Kb6 53. Rb8+ Ka5 54. Kc5 d3 55. Ra8# 1-0

[Event "Early-Titled-Tuesday-Blitz-August-29-2023"]
[Site "Chess.com"]
[Date "2023.08.29"]
[Round "1"]
[White "skkeyan1309"]
[Black "zozik"]
[Result "1/2-1/2"]
[WhiteElo "2678"]
[BlackElo "2385"]
[TimeControl "180+1"]
[EndTime "8:06:18 PDT"]
[Termination "Game drawn by agreement"]

1. d4 d5 2. c4 e6 3. Nc3 c5 4. cxd5 exd5 5. Nf3 Nc6 6. e3 Nf6 7.
Be2 Be7 8. O-O O-O 9. b3 cxd4 10.
Nxd4 a6 11. Bb2 Nxd4 12. Qxd4 Be6 13. Rac1 Qd7 14. Na4 Rad8 15. Nc5 Bxc5 16. Rxc5 Rc8 17. Rfc1 Rxc5 18. Rxc5 Rc8 19. Bf3 Rxc5 20. Qxc5 Qc6 21. Qe7 Ne8 22. h3 h6 23. Bd4 Nd6 24. Qd8+ Kh7 25.
Be5 Ne4 26. Bxe4+ dxe4 27. Kh2 Qc8 28. Qd4 Qd7 29. Qxe4+ Bf5 30. Qf4 f6 31. Bd4 Bg6 32.
f3 Qd5 33. h4 Be8 34. Qc7 Kg6 35. g4 Qxf3 36. Qg3 Qe2+ 37. Qg2 Qxg2+ 38. Kxg2 Bc6+ 1/2-1/2

[Event "Early-Titled-Tuesday-Blitz-August-29-2023"]
[Site "Chess.com"]
[Date "2023.08.29"]
[Round "1"]
[White "dropstoneDP"]
[Black "AttilaTurzo"]
[Result "1-0"]
[WhiteElo "2986"]
[BlackElo "2512"]
[TimeControl "180+1"]
[EndTime "8:06:19 PDT"]
[Termination "dropstoneDP won on time"]

1. e4 c5 2. Nf3 Nc6 3. Bb5 g6 4. O-O Bg7 5. c3 Nf6 6. Re1 O-O 7. h3 d6 8. d4 cxd4 9. cxd4 Nd7 10.
Be3 a6 11. Bf1 b5 12. Nbd2 Bb7 13. a4 bxa4 14. Qxa4 Qc7 15. Rec1 Qb8 16. Rxc6 Bxc6 17. Qxc6 Nf6 18. b3 a5 19. Bc4 Rc8 20. Qa4 e6 21. e5 dxe5 22. Nxe5 Nd5 23. Bxd5 exd5 24. Ndf3 f6 25. Nd7 Qd6 26. Nc5 Rcb8 27. b4 axb4 28.
Qxa8 Rxa8 29. Rxa8+ Kf7 30. Ra7+ Kg8 31. Rb7 g5 32. Rxb4 h5 33. g3 Qc6 34. Kg2 Bf8 35. Rb8 Kf7 36. Bxg5 Bxc5 37. dxc5 Qxc5 38. Be3 Qc4 39. Rb7+ Ke6 40. Rb6+ Kf7 41. Bd4 Ke7 42.
Rxf6 Qd3 43. Rf4 Ke6 44. Be3 Kd6 45. Nd4 Qg6 46. Nf5+ Kd7 47. Bd4 Qe6 48. Ne3 Qg6 49. Rf5 1-0

[Event "Early-Titled-Tuesday-Blitz-August-29-2023"]
[Site "Chess.com"]
[Date "2023.08.29"]
[Round "1"]
[White "Anton_Demchenko"]
[Black "Giorno"]
[Result "1-0"]
[WhiteElo "2931"]
[BlackElo "2491"]
[TimeControl "180+1"]
[EndTime "8:06:19 PDT"]
[Termination "Anton_Demchenko won on time"]

1. e4 e5 2. Nf3 Nc6 3. Bc4 Be7 4. d4 exd4 5. Nxd4 Nf6 6. Nc3 O-O 7. O-O d6 8. Bf4 Nxd4 9. Qxd4 Be6 10. Bb3 Bxb3 11. axb3 Nh5 12. Be3 Bf6 13. Qd1 Bxc3 14. bxc3 Nf6 15.
f3 a5 16. Bg5 Qe7 17. Qd4 Rfe8 18. Ra4 b6 19. Rfa1 Rad8 20. Rd1 Qe5 21. Bh4 g5 22. Bg3 Qxd4+ 23. cxd4 Nh5 24. Bf2 Rd7 25. Kf1 Nf4 26. g3 1-0

[Event "Early-Titled-Tuesday-Blitz-August-29-2023"]
[Site "Chess.com"]
[Date "2023.08.29"]
[Round "1"]
[White "Schattman"]
[Black "rezamahdavi2008"]
[Result "0-1"]
[WhiteElo "2416"]
[BlackElo "2752"]
[TimeControl "180+1"]
[EndTime "8:06:20 PDT"]
[Termination "rezamahdavi2008 won on time"]

1. Nf3 Nf6 2. g3 g6 3. b3 Bg7 4.
Bb2 d6 5. d4 O-O 6. Bg2 c5 7.
c4 Nc6 8. O-O Ne4 9. Nbd2 Nxd2 10. Qxd2 Bg4 11. dxc5 dxc5 12. Bxg7 Kxg7 13. Qxd8 Rfxd8 14. Rfd1 Rab8 15. h3 Bxf3 16. Bxf3 Nd4 17. Kg2 b6 18. e3 Nc2 19. Rac1 Nb4 20. a3 Na6 21.
h4 Nc7 22. Bc6 Kf6 23. Kf3 Ne6 24. Ke2 Rxd1 25. Rxd1 Rd8 26. Rxd8 Nxd8 27. Bd5 e6 28. Be4 Ke5 29. Kd3 f5 30. f4+ Kf6 31. Bf3 e5 32. e4 Ne6 33. fxe5+ Kxe5 34. exf5 gxf5 35.
Bd5 Nd4 36. b4 f4 37. gxf4+ Kxf4 38. Bg8 h5 39. Bf7 Kg4 40. bxc5 bxc5 41. Ke4 Kxh4 42. Kd5 Nb3 43. Bg6 Kg5 44. Bc2 Nd2 45. Kxc5 h4 46. Bh7 h3 47. Bg8 Ne4+ 48. Kd4 Nf6 49. Be6 h2 0-1

[Event "Early-Titled-Tuesday-Blitz-August-29-2023"]
[Site "Chess.com"]
[Date "2023.08.29"]
[Round "1"]
[White "Rutricks"]
[Black "Preobrazhenska_D2011"]
[Result "1-0"]
[WhiteElo "2622"]
[BlackElo "2292"]
[TimeControl "180+1"]
[EndTime "8:06:21 PDT"]
[Termination "Rutricks won by checkmate"]

1. Nf3 Nf6 2. b3 d5 3. Bb2 c5 4. e3 Nc6 5. Bb5 Bg4 6. h3 Bh5 7. g4 Bg6 8. Ne5 Qb6 9. a4 a6 10. Bxc6+ bxc6 11. a5 Qc7 12. d3 e6 13. f4 Bd6 14.
Nd2 d4 15. Ndc4 Nd5 16. Qf3 dxe3 17. f5 exf5 18. gxf5 f6 19. Nxd6+ Qxd6 20. Nc4 Qc7 21. fxg6 hxg6 22. O-O-O O-O-O 23. Rde1 Rde8 24. Qg4+ Kb8 25. Qxg6 e2 26. Qg4 Re7 27. Rxe2 Rxe2 28. Qxe2 Qf4+ 29. Kb1 g5 30. Qe6 Qc7 31. Bxf6 Nxf6 32.
Qxf6 Rg8 33. Re1 Qg3 34. Re7 Qg1+ 35. Ka2 Rd8 36. Qe5+ Ka8 37. Nb6# 1-0

[Event "Early-Titled-Tuesday-Blitz-August-29-2023"]
[Site "Chess.com"]
[Date "2023.08.29"]
[Round "1"]
[White "HansOnTwitch"]
[Black "Mihaiionescu1"]
[Result "1-0"]
[WhiteElo "2970"]
[BlackElo "2506"]
[TimeControl "180+1"]
[EndTime "8:06:23 PDT"]
[Termination "HansOnTwitch won by resignation"]

1. e4 c5 2. Nf3 d6 3. d4 cxd4 4.
Nxd4 Nf6 5. Nc3 g6 6. Be3 Bg7 7. f3 Nc6 8. Qd2 O-O 9. O-O-O d5 10. exd5 Nxd5 11. Nxc6 bxc6 12. Bd4 e5 13. Bc5 Re8 14.
Ne4 Qc7 15. h4 h6 16. g4 a5 17. h5 g5 18. c4 Nf4 19. Qd6 Qxd6 20. Rxd6 Bf8 21.
Nf6+ Kh8 22. Nxe8 Be6 23. Rxe6 Nxe6 24. Bxf8 Rxe8 25. Bd6 f6 26. c5 Nd4 27. Rh3 Kg7 28. Bd3 Rd8 29. Be4 Rc8 30. Rh2 Kf7 31. Rd2 Kg7 32.
b3 a4 33. Kb2 axb3 34. axb3 Ra8 35. Rxd4 exd4 36. Bxc6 Rc8 37. Bd7 Rd8 38. c6 d3 39.
Kc3 1-0

[Event "Early-Titled-Tuesday-Blitz-August-29-2023"]
[Site "Chess.com"]
[Date "2023.08.29"]
[Round "1"]
[White "aghasiyevkamal"]
[Black "Vladimir_Zakhartsov"]
[Result "0-1"]
[WhiteElo "2481"]
[BlackElo "2907"]
[TimeControl "180+1"]
[EndTime "8:06:23 PDT"]
[Termination "Vladimir_Zakhartsov won on time"]

1. d4 Nf6 2. c4 e6 3. Nf3 d5 4. Nc3 Be7 5. Bg5 Nbd7 6. e3 h6 7. Bh4 c6 8. Bd3 dxc4 9. Bxc4 b5 10. Be2 Bb7 11. O-O a6 12. Ne5 Nxe5 13. dxe5 Qxd1 14.
Rfxd1 Nd7 15. Bxe7 Kxe7 16. Ne4 Nxe5 17. Nc5 Bc8 18. f4 Nd7 19. Rac1 Ra7 20. Bf3 Rc7 21. Kf2 Nxc5 22. Rxc5 Bd7 23. e4 Rd8 24. e5 Be8 25.
Rdc1 Rd2+ 26. Ke3 Rxb2 27. a3 Rb3+ 28. Kd4 Rxa3 29. R5c2 c5+ 30. Rxc5 Rd7+ 31. Ke4 f5+ 32. exf6+ gxf6 33. f5 e5 34. Rc7 Rxc7 35. Rxc7+ Kd6 0-1

[Event "Early-Titled-Tuesday-Blitz-August-29-2023"]
[Site "Chess.com"]
[Date "2023.08.29"]
[Round "1"]
[White "Witik"]
[Black "JoshuaGK27"]
[Result "1-0"]
[WhiteElo "2786"]
[BlackElo "2422"]
[TimeControl "180+1"]
[EndTime "8:06:23 PDT"]
[Termination "Witik won on time"]

1. d4 Nf6 2. Bf4 d5 3. e3 c5 4. c3 Nc6 5. Nd2 Bf5 6. Ngf3 Qb6 7. Nh4 Bd7 8. Qb3 c4 9. Qc2 h6 10. Bg3 e6 11. b3 Ba3 12. Nhf3 Ne4 13. Nxe4 dxe4 14. Nd2 cxb3 15. axb3 Be7 16. Nc4 Qd8 17. Nd6+ Bxd6 18. Bxd6 f5 19. Be2 Qg5 20. O-O Kf7 21.
f3 Qxe3+ 22. Kh1 exf3 23. Rxf3 Qg5 24. Rg3 Qh4 25. Rf1 Rac8 26. d5 exd5 27. Rxf5+ Bxf5 28. Qxf5+ Qf6 29. Bh5+ Kg8 30. Qxf6 1-0

[Event "Early-Titled-Tuesday-Blitz-August-29-2023"]
[Site "Chess.com"]
[Date "2023.08.29"]
[Round "1"]
[White "AndreiITrifan"]
[Black "Verony64"]
[Result "0-1"]
[WhiteElo "2564"]
[BlackElo "2245"]
[TimeControl "180+1"]
[EndTime "8:06:23 PDT"]
[Termination "Verony64 won by resignation"]

1. e4 d6 2. d4 c6 3. Nc3 Nd7 4. Be3 e5 5. Qd2 Ngf6 6. f3 Be7 7. g4 Qc7 8. h4 h6 9. Nge2 b5 10. Ng3 Bb7 11. Nf5 Bf8 12. Rd1 O-O-O 13. d5 b4 14. dxc6 Bxc6 15. Nb5 Bxb5 16. Bxb5 Nb6 17. c4 Kb8 18. b3 g6 19. Ng3 Nfd7 20. h5 a5 21. hxg6 fxg6 22. Kf1 Nc5 23. Kg2 Bg7 24. Bxh6 Bxh6 25.
Rxh6 Rxh6 26. Qxh6 Qf7 27. Qe3 Kc7 28. Rh1 Ne6 29.
Ne2 Rf8 30. Rh3 Qf6 31. Qh6 Ng5 32. Rg3 Nxe4 33. fxe4 Qf1+ 34. Kh2 Rf2+ 0-1

[Event "Early-Titled-Tuesday-Blitz-August-29-2023"]
[Site "Chess.com"]
[Date "2023.08.29"]
[Round "1"]
[White "Francisco_Ferrari"]
[Black "biostatistician"]
[Result "0-1"]
[WhiteElo "2176"]
[BlackElo "2575"]
[TimeControl "180+1"]
[EndTime "8:06:27 PDT"]
[Termination "biostatistician won on time"]

1. e4 e5 2. Nf3 Nc6 3. Bc4 Bc5 4. c3 Nf6 5. d4 exd4 6. cxd4 Bb4+ 7. Nc3 Nxe4 8. O-O Bxc3 9. bxc3 d5 10. Bb5 O-O 11. Qc2 Bf5 12. Qb2 Nd6 13. Bxc6 bxc6 14. Ne5 Nc4 15.
Nxc4 dxc4 16. Bf4 Qd5 17. Rfe1 h5 18. Bxc7 h4 19. Bf4 h3 20. f3 Rfe8 21. Qf2 hxg2 22. Qxg2 Re6 23. Rxe6 Qxe6 24. Qf2 Re8 25. Be5 f6 26.
Bg3 Qd5 27. Kg2 Bg4 28. Rf1 a5 29. Kg1 Bh3 30. Rd1 a4 31. Bf4 Qf5 32. Bg3 a3 0-1

[Event "Early-Titled-Tuesday-Blitz-August-29-2023"]
[Site "Chess.com"]
[Date "2023.08.29"]
[Round "1"]
[White "Russian_berezka"]
[Black "ritanovikova"]
[Result "1-0"]
[WhiteElo "2569"]
[BlackElo "2152"]
[TimeControl "180+1"]
[EndTime "8:06:29 PDT"]
[Termination "Russian_berezka won on time"]

1. d4 d5 2. c4 e6 3. Nc3 Bb4 4. cxd5 exd5 5. Bf4 Nf6 6. e3 O-O 7. Bd3 b6 8. Ne2 Bb7 9. O-O Nbd7 10. a3 Be7 11. b4 a5 12. b5 Nh5 13. Qc2 Nxf4 14.
Bxh7+ Kh8 15. Nxf4 Bg5 16. Bd3 Bxf4 17. exf4 Qf6 18.
Ne2 Rac8 19. Qd2 g6 20. f5 Kg7 21. Nf4 Qxd4 22. fxg6 fxg6 23. Ne6+ Kf7 24. Nxd4 Ne5 25.
Qf4+ 1-0

[Event "Early-Titled-Tuesday-Blitz-August-29-2023"]
[Site "Chess.com"]
[Date "2023.08.29"]
[Round "1"]
[White "Djager97"]
[Black "TigranHH"]
[Result "0-1"]
[WhiteElo "2603"]
[BlackElo "2323"]
[TimeControl "180+1"]
[EndTime "8:06:30 PDT"]
[Termination "TigranHH won by checkmate"]

1. e4 c6 2. d4 d5 3. exd5 cxd5 4. Bd3 Nc6 5. c3 Qc7 6. h3 Nf6 7. Nf3 e6 8. O-O Bd6 9. Re1 Bd7 10. Nbd2 g5 11.
Nxg5 h6 12. Ngf3 Rg8 13. Nf1 O-O-O 14. Bb5 Ne4 15. Bxc6 bxc6 16. Ne5 Bxe5 17. dxe5 Qxe5 18. Ng3 f5 19. Qa4 Kb7 20. Be3 c5 21. Qb3+ Ka8 22. Qa3 f4 23. Bxc5 Qc7 24. Nxe4 dxe4 25. Bd6 Qb7 26.
Bxf4 e3 27. f3 Qxf3 28. g3 Qf2+ 29. Kh1 Bc6# 0-1

[Event "Early-Titled-Tuesday-Blitz-August-29-2023"]
[Site "Chess.com"]
[Date "2023.08.29"]
[Round "1"]
[White "MITerryble"]
[Black "atalz0"]
[Result "1-0"]
[WhiteElo "2949"]
[BlackElo "2500"]
[TimeControl "180+1"]
[EndTime "8:06:31 PDT"]
[Termination "MITerryble won by resignation"]

1. e4 d5 2. exd5 Nf6 3. Nc3 Nxd5 4. Bc4 c6 5. d3 Bf5 6. Qf3 e6 7. g4 Bg6 8. h4 h5 9. g5 Nd7 10. Bb3 Nxc3 11. bxc3 Qa5 12. Ne2 O-O-O 13. Bd2 Ne5 14. Qg3 Bd6 15. Bf4 Bc7 16. Rd1 Rd7 17. O-O Rhd8 18.
Rfe1 Ng4 19. Bxc7 Rxc7 20. Nf4 Bf5 21. f3 Ne5 22. Nxh5 Ng6 23. Nxg7 Qxc3 24. Nxf5 exf5 25. h5 Ne7 26. Qe5 Nd5 27. Qxc3 Nxc3 28. Rd2 Rh8 29. h6 f6 30. f4 Nd5 31. Bxd5 cxd5 32. Rg2 fxg5 33.
fxg5 Rg8 34. g6 1-0

[Event "Early-Titled-Tuesday-Blitz-August-29-2023"]
[Site "Chess.com"]
[Date "2023.08.29"]
[Round "1"]
[White "TrahtarBelarus"]
[Black "ProfessorChess101"]
[Result "1-0"]
[WhiteElo "2752"]
[BlackElo "2415"]
[TimeControl "180+1"]
[EndTime "8:06:31 PDT"]
[Termination "TrahtarBelarus won by resignation"]

1. d4 Nf6 2. Bf4 d5 3. e3 c5 4. c3 Nc6 5. Nf3 Nh5 6. Bg3 e6 7. Nbd2 cxd4 8. exd4 g6 9. Bd3 Bh6 10. O-O O-O 11. Re1 b6 12. Ne5 Nxg3 13. Nxc6 Qc7 14.
Nxa7 Nh5 15. Nb5 Qe7 16. Nf3 Nf4 17. Bf1 Ba6 18. a4 Bxb5 19. axb5 Rxa1 20. Qxa1 Qf6 21.
Ne5 Qg5 22. g3 f6 23. Nd7 Re8 24. Nxb6 e5 25. Qa7 e4 26. Qd7 Rf8 27. h4 Qh5 28.
gxf4 Bxf4 29. Qxd5+ 1-0

[Event "Early-Titled-Tuesday-Blitz-August-29-2023"]
[Site "Chess.com"]
[Date "2023.08.29"]
[Round "1"]
[White "santosalberto1987"]
[Black "ferrufino64"]
[Result "1-0"]
[WhiteElo "2553"]
[BlackElo "2081"]
[TimeControl "180+1"]
[EndTime "8:06:31 PDT"]
[Termination "santosalberto1987 won by resignation"]

1. e4 c5 2. Nf3 d6 3. Bb5+ Bd7 4.
Bxd7+ Qxd7 5. c4 e5 6. O-O Nc6 7. Nc3 Nge7 8. d3 g6 9. Nd5 Nxd5 10. exd5 Ne7 11. a3 Bg7 12. Rb1 O-O 13. b4 b6 14.
Bd2 h6 15. bxc5 bxc5 16. Qb3 Qg4 17. h3 Qh5 18. Qb7 Nf5 19. Kh2 e4 20. g4 Be5+ 21. Nxe5 Qh4 22. gxf5 dxe5 23. fxg6 Rfb8 24. Qxb8+ Rxb8 25.
Rxb8+ Kg7 26. gxf7 Kxf7 27. Rb7+ Kg6 28. Be3 exd3 29. Rg1+ Kh5 30. Rh7 Qf6 31. Rxh6+ 1-0

[Event "Early-Titled-Tuesday-Blitz-August-29-2023"]
[Site "Chess.com"]
[Date "2023.08.29"]
[Round "1"]
[White "vishwa_vijeta"]
[Black "esteban062000"]
[Result "0-1"]
[WhiteElo "2547"]
[BlackElo "2154"]
[TimeControl "180+1"]
[EndTime "8:06:33 PDT"]
[Termination "esteban062000 won by checkmate"]

1. e4 c5 2. Nf3 Nc6 3. d4 cxd4 4. Nxd4 Nf6 5. Nc3 e5 6. Ndb5 d6 7. Bg5 a6 8. Bxf6 gxf6 9. Na3 b5 10. Nd5 Bg7 11. Bd3 O-O 12. c3 Ne7 13. Nxe7+ Qxe7 14. Nc2 f5 15. exf5 e4 16. Be2 Bxf5 17. Ne3 Be6 18. O-O f5 19. Nd5 Qb7 20. Nf4 Qe7 21. Nxe6 Qxe6 22. a4 b4 23. cxb4 Bxb2 24. Rb1 Be5 25. Rc1 Kh8 26. f3 Qh6 27. g3 Rg8 28. Kg2 Qh4 29.
Qe1 f4 30. g4 Rxg4+ 31. Kh1 Rg3 32. Rg1 Rag8 33. Rxg3 fxg3 34. Qg1 g2+ 35. Qxg2 Rxg2 36. Kxg2 Qxh2+ 37. Kf1 Qh1+ 38. Kf2 Qxc1 39. fxe4 Bd4+ 40. Kf3 Qc3+ 41. Kg4 Qxb4 42. Bf3 Be5 43. Kf5 Qxa4 44. Ke6 Qe8+ 45. Kd5 a5 46. Bd1 a4 47. Bxa4 Qxa4 48.
Ke6 Qxe4 49. Kf7 Qf3+ 50. Ke8 d5 51. Kd7 d4 52. Kc8 d3 53. Kd7 d2 54. Ke7 Bg3 55.
Ke6 d1=Q 56. Ke7 Qde2+ 57. Kd7 Qfd3+ 58. Kc8 Qec2+ 59. Kb7 Qdb3+ 60. Ka8 Qca2# 0-1

[Event "Early-Titled-Tuesday-Blitz-August-29-2023"]
[Site "Chess.com"]
[Date "2023.08.29"]
[Round "1"]
[White "Durarbayli"]
[Black "GameOverBro"]
[Result "1-0"]
[WhiteElo "2891"]
[BlackElo "2470"]
[TimeControl "180+1"]
[EndTime "8:06:37 PDT"]
[Termination "Durarbayli won on time"]

1. e4 d6 2. d4 Nf6 3. Nc3 e5 4. Nf3 Nbd7 5. Be2 Be7 6. O-O c6 7. a4 Qc7 8. a5 O-O 9. h3 Re8 10. Re1 Nf8 11. Be3 Ng6 12. Qd2 h6 13. Bf1 Nh5 14.
g3 Nf6 15. Kh2 Be6 16. Bg2 Rad8 17. d5 cxd5 18. exd5 Bf5 19. Bxa7 Rc8 20. Bb6 Qd7 21.
Ng1 Bd8 22. Bxd8 Rexd8 23. g4 Bxg4 24. hxg4 Nxg4+ 25. Kh1 Nf4 26. Ra4 Qf5 27. Rxf4 exf4 28. Nh3 g5 29. Be4 Qf6 30. Rg1 h5 31. Bf3 Re8 32. Bxg4 hxg4 33. Rxg4 Re5 34. Kg2 Kf8 35. f3 1-0

[Event "Early-Titled-Tuesday-Blitz-August-29-2023"]
[Site "Chess.com"]
[Date "2023.08.29"]
[Round "1"]
[White "atbenina64"]
[Black "Roedor"]
[Result "1-0"]
[WhiteElo "2808"]
[BlackElo "2430"]
[TimeControl "180+1"]
[EndTime "8:06:39 PDT"]
[Termination "atbenina64 won on time"]

1. Nf3 Nf6 2. g3 g6 3. Bg2 Bg7 4. c4 O-O 5. O-O d5 6. d4 Nc6 7. cxd5 Nxd5 8. e4 Nb6 9. d5 Na5 10. Qe1 Nac4 11. Nc3 c6 12. b3 Ne5 13. Nxe5 Bxe5 14.
Bh6 Re8 15. Rd1 Bg4 16. f3 Bd7 17. f4 Bh8 18. dxc6 bxc6 19. e5 Qc8 20. Ne4 Nd5 21.
Ng5 Bg4 22. Rc1 Qa6 23. h3 Be2 24. Rf2 Bd3 25. Rd2 Bf5 26. g4 Be6 27. Qf2 Qb6 28.
Nxe6 Qxf2+ 29. Kxf2 fxe6 30. Rxc6 Rac8 31. Rxc8 Rxc8 32. Rxd5 Bg7 33. Bxg7 exd5 34. Bh6 e6 35. f5 gxf5 36. gxf5 Rc2+ 37. Kg3 exf5 38. Bxd5+ Kh8 39.
e6 Re2 40. Bc4 Re5 41. Bc1 1-0

[Event "Early-Titled-Tuesday-Blitz-August-29-2023"]
[Site "Chess.com"]
[Date "2023.08.29"]
[Round "1"]
[White "hurricane7791"]
[Black "Fleetw00dMac"]
[Result "1-0"]
[WhiteElo "2793"]
[BlackElo "2423"]
[TimeControl "180+1"]
[EndTime "8:06:40 PDT"]
[Termination "hurricane7791 won by resignation"]

1. d4 Nf6 2. c4 g6 3. Nc3 Bg7 4. e4 d6 5. h3 O-O 6. Be3 c5 7.
d5 e6 8. Bd3 exd5 9. exd5 Na6 10. Nf3 Nb4 11. Bb1 b5 12. a3 Qa5 13. cxb5 Nbxd5 14. O-O Nxc3 15. bxc3 Bb7 16. c4 Ne4 17.
Bxe4 Bxe4 18. Ra2 Rad8 19. Bd2 Qc7 20. Bf4 Qb7 21. Re1 d5 22. Rd2 d4 23. a4 Rfe8 24. Rde2 d3 25. Re3 Bc3 26. Nd2 Bxd2 27. Qxd2 Re6 28. f3 Bf5 29. Rxe6 Bxe6 30. Be5 Qe7 31. Bc3 f6 32. Qf4 Kf7 33. a5 g5 34.
Qe4 f5 35. Qe5 Kg6 36. h4 Re8 37. b6 axb6 38. axb6 Qf7 39. hxg5 Bd7 40. Qd6+ Kxg5 41. Rxe8 Bxe8 42. Qg3+ Kh5 43. Bd2 f4 44. Qg4+ 1-0

[Event "Early-Titled-Tuesday-Blitz-August-29-2023"]
[Site "Chess.com"]
[Date "2023.08.29"]
[Round "1"]
[White "CheckThis4"]
[Black "BashirliSaadat"]
[Result "0-1"]
[WhiteElo "2679"]
[BlackElo "2397"]
[TimeControl "180+1"]
[EndTime "8:06:40 PDT"]
[Termination "BashirliSaadat won by checkmate"]

1. d4 Nf6 2. Nf3 g6 3. Nc3 Bg7 4. e4 d6 5. Be2 Nbd7 6. O-O O-O 7.
Re1 e5 8. a4 Re8 9. Bf1 c6 10.
a5 Qc7 11. h3 exd4 12. Nxd4 Ne5 13. f4 Ned7 14. Nf3 Nc5 15. e5 dxe5 16. fxe5 Nfd7 17. Bf4 Nxe5 18. Nxe5 Bxe5 19. Rxe5 Rxe5 20. Qd4 Nd7 21. Re1 f6 22. Qc4+ Kg7 23. Nb5 Qxa5 24. Bxe5 Qxe1 25.
Nd6 Nxe5 26. Qc5 Be6 27. Nxb7 Bc4 28. Qe7+ Kh6 29. Nd6 Qxf1+ 30. Kh2 Qf4+ 31. Kh1 Bd5 32. c4 Qf1+ 33. Kh2 Qxg2# 0-1

[Event "Early-Titled-Tuesday-Blitz-August-29-2023"]
[Site "Chess.com"]
[Date "2023.08.29"]
[Round "1"]
[White "Mikhail_Golubev"]
[Black "DKmirl"]
[Result "1-0"]
[WhiteElo "2602"]
[BlackElo "2233"]
[TimeControl "180+1"]
[EndTime "8:06:40 PDT"]
[Termination "Mikhail_Golubev won on time"]

1. e4 c5 2. Nf3 Nc6 3. Nc3 g6 4. d4 cxd4 5. Nxd4 Bg7 6. Be3 Nf6 7. Bc4 O-O 8. Bb3 a5 9. O-O d6 10. f3 Nd7 11. a4 Nc5 12. Ndb5 Nxb3 13. cxb3 Bd7 14.
Rf2 Nb4 15. Bd4 Bh6 16. Qe2 Na6 17. Rd1 Qc8 18. Nd5 Qd8 19. Bb6 Qe8 20. Nxd6 Qb8 21. Nxe7+ Kh8 22. Bd4+ Bg7 23. Qe3 Be6 24. Bxg7+ Kxg7 25. Qd4+ f6 26. e5 f5 27. Nd5 1-0

[Event "Early-Titled-Tuesday-Blitz-August-29-2023"]
[Site "Chess.com"]
[Date "2023.08.29"]
[Round "1"]
[White "Reader777"]
[Black "CADMartin"]
[Result "1-0"]
[WhiteElo "2886"]
[BlackElo "2465"]
[TimeControl "180+1"]
[EndTime "8:06:41 PDT"]
[Termination "Reader777 won by checkmate"]

1. d4 Nf6 2. c4 c5 3. d5 b5 4.
cxb5 a6 5. e3 axb5 6. Bxb5 Qa5+ 7.
Nc3 Bb7 8. Bd2 Qb6 9. Nf3 Nxd5 10. a4 e6 11. O-O Be7 12. e4 Nf6 13. Bg5 h6 14.
Bh4 Nxe4 15. Nxe4 Bxe4 16. Bxe7 Kxe7 17. Ne5 d6 18. Qg4 dxe5 19. Qxe4 Ra7 20. Qxe5 Nc6 21.
Qxg7 Raa8 22. Rfe1 Nd4 23. Qg3 Rhg8 24. Qc3 Rg5 25.
Bf1 Qb7 26. Re3 Rag8 27. Rg3 h5 28. h4 Rxg3 29. Qxc5+ Ke8 30. fxg3 Rg4 31. Rd1 Qe4 32. Bb5+ Nxb5 33. Qc8+ Ke7 34. Qd8# 1-0

[Event "Early-Titled-Tuesday-Blitz-August-29-2023"]
[Site "Chess.com"]
[Date "2023.08.29"]
[Round "1"]
[White "colegiodemadrid"]
[Black "LionTheLeon_06"]
[Result "0-1"]
[WhiteElo "2423"]
[BlackElo "2788"]
[TimeControl "180+1"]
[EndTime "8:06:41 PDT"]
[Termination "LionTheLeon_06 won by resignation"]

1. e4 e6 2. d4 d5 3. e5 c5 4. c3 Qb6 5. Nf3 Bd7 6. Bd3 Bb5 7.
dxc5 Bxc5 8. b4 Bxd3 9. Qxd3 Be7 10. Be3 Qc7 11. Na3 Nd7 12. Bd4 Nh6 13. O-O O-O 14.
Rfe1 Rfc8 15. h3 Nf5 16. Nb5 Qb8 17. g4 Nxd4 18. Nbxd4 Qc7 19. Re3 a5 20. Nb5 Qb6 21. a4 axb4 22. cxb4 Rc4 23. Nd6 Bxd6 24. exd6 Qxd6 25.
Ng5 Nf6 26. Rf3 Qe5 27. Rxf6 Qxa1+ 28. Kg2 Qxf6 29. Qxh7+ Kf8 30. Qh8+ Ke7 31. Qxa8 Qxg5 32. Qxb7+ Kf6 33. a5 Qf4 34. Qb6 Rxb4 35. Qd8+ Kg6 36. a6 Qe4+ 37. Kh2 Ra4 38. Qh4 Qe5+ 39. Kg2 Rxa6 0-1

[Event "Early-Titled-Tuesday-Blitz-August-29-2023"]
[Site "Chess.com"]
[Date "2023.08.29"]
[Round "1"]
[White "Kostya0705"]
[Black "CalinGheorghiu"]
[Result "1-0"]
[WhiteElo "2666"]
[BlackElo "2350"]
[TimeControl "180+1"]
[EndTime "8:06:41 PDT"]
[Termination "Kostya0705 won by checkmate"]

1. e4 c5 2. Nf3 d6 3. d4 cxd4 4.
Nxd4 Nf6 5. Nc3 a6 6. h4 e5 7. Nb3 h6 8. f3 Be7 9. Be3 Be6 10. Qd2 Nbd7 11. O-O-O Rc8 12. Kb1 Qc7 13. g4 Nb6 14. Be2 Nc4 15. Bxc4 Qxc4 16. g5 hxg5 17. hxg5 Nh5 18.
Rh2 g6 19. Nd5 Bxd5 20. exd5 O-O 21. Rdh1 Kg7 22. f4 exf4 23. Bd4+ f6 24. Qg2 Ng3 25. Rh7+ Kg8 26. Qh3 Qxc2+ 27. Ka1 Nxh1 28. Qxh1 fxg5 29. Rg7# 1-0

[Event "Early-Titled-Tuesday-Blitz-August-29-2023"]
[Site "Chess.com"]
[Date "2023.08.29"]
[Round "1"]
[White "sokidze"]
[Black "Cherneevo_23"]
[Result "1-0"]
[WhiteElo "2785"]
[BlackElo "2421"]
[TimeControl "180+1"]
[EndTime "8:06:42 PDT"]
[Termination "sokidze won by resignation"]

1. d4 Nf6 2. c4 e6 3. Nc3 Bb4 4. e3 O-O 5. Bd2 b6 6. Nf3 Bb7 7. Bd3 Bxc3 8. Bxc3 Ne4 9. Bxe4 Bxe4 10. d5 exd5 11. cxd5 Re8 12. Qd4 f6 13. Nd2 Bg6 14.
O-O c5 15. Qf4 d6 16. e4 Nd7 17. Qxd6 Bxe4 18. Nxe4 Rxe4 19. Rad1 Ne5 20. Qe6+ Kh8 21.
Qf5 Re2 22. Qh5 Re4 23. d6 Qd7 24. f3 Re3 25. Kf2 Nc4 26. Qd5 1-0

[Event "Early-Titled-Tuesday-Blitz-August-29-2023"]
[Site "Chess.com"]
[Date "2023.08.29"]
[Round "1"]
[White "AndresDelgado77"]
[Black "SRob2003"]
[Result "0-1"]
[WhiteElo "2256"]
[BlackElo "2607"]
[TimeControl "180+1"]
[EndTime "8:06:42 PDT"]
[Termination "SRob2003 won on time"]

1. e4 c6 2. Ne2 d5 3. e5 Bf5 4.
Ng3 Bg6 5. h4 h5 6. Be2 e6 7. d4 c5 8. Bxh5 Bxh5 9. Nxh5 cxd4 10.
Qg4 g6 11. Nf4 Nh6 12. Qe2 Nc6 13. Nd2 Nf5 14. Nf3 Nxh4 15. Nxh4 Rxh4 16. Rh3 Bb4+ 17.
Kf1 Rxh3 18. Nxh3 Qc7 19. Bf4 O-O-O 20. a3 Be7 21. b4 Rh8 22. Kg1 Rh5 23. Re1 Qd8 24.
Bg3 Qh8 25. f4 g5 26. Nxg5 Bxg5 27. fxg5 Rxg5 28. Qf2 Qg7 29. Bh4 Rf5 30. Qg3 Qh7 31. Bf6 Rh5 32. Qg8+ Qxg8 0-1